 Dungeon Crawl Stone Soup version 0.31-a0-175-g9f7f995f2b (webtiles) character file.

Game seed: 7437720686869011138

137 qw the Shooter (level 5, 0/49 HPs)
             Began as a Naga Hunter on June 16, 2023.
             Slain by a gnoll
             ... wielding a +0 spear
              (2 damage)
             ... on level 3 of the Dungeon.
             The game lasted 00:00:35 (1657 turns).

qw the Shooter (Naga Hunter)                        Turns: 1657, Time: 00:00:36

Health: 0/49       AC:  3    Str: 13    XL:     5   Next: 20%
Magic:  5/5        EV:  9    Int:  9    God:
Gold:   51         SH:  0    Dex: 17    Spells: 4/4 levels left

rFire   . . .        Y - +0 shortbow
rCold   . . .        (shield currently unavailable)
rNeg    . . .        c - +0 leather armour
rPois   +            (no helmet)
rElec   .            (no cloak)
rCorr   .            (no gloves)
SInv    +            (no barding)
Will    .....        (no amulet)
Stlth   ++           (no ring)
HPRegen 0.28/turn    (no ring)
MPRegen 0.09/turn

%: no passive effects
@: short of breath, very slow
A: AC +1, large, see invisible, deformed body, poison resistance, slowness 2,
spit poison 1, naga tail 1
a: Spit Poison


You were on level 3 of the Dungeon.
You visited 1 branch of the dungeon, and saw 3 of its levels.

You collected 51 gold pieces.


Innate Abilities, Weirdness & Mutations

Your serpentine skin is tough. (AC +1)
You have supernaturally acute eyesight. (SInv)
Armour fits poorly on your strangely shaped body.
Your system is resistant to poisons. (rPois)
You cover ground very slowly.
You can spit poison.
You have a snake-like lower body.


   Skills:
 - Level 3.3 Fighting
 + Level 5.1 Ranged Weapons
 - Level 1.5 Dodging
 - Level 1.5 Stealth


You had 4 spell levels left.
You didn't know any spells.
Your spell library was empty.

Inventory:

Hand Weapons
 Y - a +0 shortbow (weapon)
Armour
 c - a +0 leather armour (worn)
Scrolls
 g - 2 scrolls of identify
Potions
 a - a potion of might {unknown}
 b - a potion of heal wounds {unknown}
 d - a potion of enlightenment {unknown}
 e - 2 potions of curing {unknown}
 f - a potion of brilliance {unknown}
 i - 2 potions of cancellation {unknown}

Dungeon Overview and Level Annotations

Branches:
Dungeon (3/15)

Altars:


Message History

1648 ||| INVOKING Spit Poison.
Aiming: Spit Poison (1% risk of failure)
Press: ? - help, Shift-Dir - straight line, f/p - gnoll The splash of poison hits the gnoll.
The gnoll is poisoned.
The gnoll is heavily wounded.
The bat hits you. x2
The gnoll hits you from afar with a +0 spear.
The gnoll hits you with a +0 whip.
You shoot an arrow. The arrow hits the gnoll!
You kill the gnoll!
The bat hits you.
The gnoll hits you from afar with a +0 spear.
You shoot an arrow. The arrow hits the gnoll!
You kill the gnoll!
The bat hits you.
You shoot an arrow. The arrow closely misses the bat.
The bat hits you.
A gnoll comes into view. It is wielding a +0 spear.
You shoot an arrow. The arrow misses the bat.
The gnoll shouts!
The bat closely misses you.
You shoot an arrow. The arrow hits the bat.
The bat is moderately wounded.
You have got your breath back.
The bat hits you but does no damage.
1654 ||| INVOKING Spit Poison.
Aiming: Spit Poison (1% risk of failure)
Press: ? - help, Shift-Dir - straight line, f/p - bat The splash of poison misses the bat.
The bat hits you.
You shoot an arrow. The arrow misses the bat.
The bat hits you but does no damage.
You shoot an arrow. The arrow closely misses the bat.
The arrow hits the gnoll but does no damage.
The bat hits you but does no damage. The bat closely misses you.
The gnoll hits you but does no damage.
You shoot an arrow. The arrow closely misses the bat.
The bat hits you but does no damage.
The gnoll hits you from afar with a +0 spear.
You die...

#...#............#
###.#..####......#
.....# #.....%#
####..####......#
#..#.........#
#..#.#..%....#
#... #.......#
.... #.b.....# ..
#@.......#
........)......#
.....#.g.......#
.... ..#.......#
##. ##.#.......# #
#.#.......# #.
....... .. .......


You could see a gnoll and a bat.

Vanquished Creatures
  Natasha (D:3)
  An iguana (D:2)
  2 gnolls (D:3)
  An adder (D:3)
  A worm (D:2)
  3 dart slugs
  3 bats
  2 endoplasms
  3 giant cockroaches (D:1)
  6 goblins
  8 hobgoblins
  3 quokkas (D:1)
  5 ball pythons
  4 kobolds
  5 rats
48 creatures vanquished.

Notes
Turn   | Place    | Note
-------+----------+-------------------------------------------
     0 | D:1      | qw the Naga Hunter began the quest for the Orb.
     0 | D:1      | Reached XP level 1. HP: 19/19 MP: 1/1
     0 | D:1      | 0 ||| qw: Version: 0.2-a-29-g511e9b1
     0 | D:1      | 0 ||| qw: Game counter: 5705
     0 | D:1      | 0 ||| qw: Always use a shield: true
     0 | D:1      | 0 ||| qw: God list: Okawaru
     0 | D:1      | 0 ||| qw: Allow faded altars: false
     0 | D:1      | 0 ||| qw: Do Orc after D:15 true
     0 | D:1      | 0 ||| qw: Do second Lair branch before Depths: true
     0 | D:1      | 0 ||| qw: Lair rune preference: random
     0 | D:1      | 0 ||| qw: Plans: Normal
     0 | D:1      | 0 ||| PLANNING D:1-11
    18 | D:1      | 18 ||| INVOKING Spit Poison.
    31 | D:1      | 31 ||| INVOKING Spit Poison.
    49 | D:1      | 49 ||| INVOKING Spit Poison.
    55 | D:1      | 55 ||| INVOKING Spit Poison.
    56 | D:1      | 56 ||| INVOKING Spit Poison.
   131 | D:1      | You fall into a shaft and drop 1 floor!
   137 | D:2      | 137 ||| INVOKING Spit Poison.
   139 | D:2      | Reached skill level 4 in Ranged Weapons
   139 | D:2      | Reached XP level 2. HP: 26/26 MP: 2/2
   219 | D:2      | 219 ||| INVOKING Spit Poison.
   299 | D:2      | 299 ||| INVOKING Spit Poison.
   302 | D:2      | 302 ||| INVOKING Spit Poison.
   306 | D:2      | 306 ||| INVOKING Spit Poison.
   310 | D:2      | Reached XP level 3. HP: 32/32 MP: 3/3
   506 | D:2      | 506 ||| READING 2 scrolls labelled GIL MYAHOIGESI.
   507 | D:2      | 507 ||| DROPPING scroll of amnesia.
   508 | D:2      | 508 ||| DROPPING scroll of butterflies.
   540 | D:1      | 540 ||| INVOKING Spit Poison.
   547 | D:1      | 547 ||| INVOKING Spit Poison.
   565 | D:1      | 565 ||| INVOKING Spit Poison.
   570 | D:1      | 570 ||| INVOKING Spit Poison.
   594 | D:1      | 594 ||| INVOKING Spit Poison.
   631 | D:1      | 631 ||| INVOKING Spit Poison.
   635 | D:1      | 635 ||| INVOKING Spit Poison.
   660 | D:1      | 660 ||| INVOKING Spit Poison.
   661 | D:1      | Reached skill level 5 in Ranged Weapons
   668 | D:1      | Reached XP level 4. HP: 39/39 MP: 4/4
   699 | D:1      | 699 ||| INVOKING Spit Poison.
   744 | D:1      | 744 ||| INVOKING Spit Poison.
   757 | D:1      | 757 ||| INVOKING Spit Poison.
   774 | D:1      | 774 ||| INVOKING Spit Poison.
   847 | D:1      | 847 ||| INVOKING Spit Poison.
   874 | D:1      | 874 ||| INVOKING Spit Poison.
   996 | D:1      | 996 ||| READING scroll labelled DOCOLEFEBI.
   997 | D:1      | 997 ||| READING scroll labelled ZUIJUT ORHI.
   998 | D:1      | 998 ||| READING scroll labelled ILARIU HYAFUPHO.
  1043 | D:2      | 1043 ||| INVOKING Spit Poison.
  1088 | D:2      | 1088 ||| INVOKING Spit Poison.
  1095 | D:2      | 1095 ||| FLEEEEING.
  1127 | D:2      | 1127 ||| INVOKING Spit Poison.
  1173 | D:2      | 1173 ||| INVOKING Spit Poison.
  1242 | D:2      | 1242 ||| INVOKING Spit Poison.
  1263 | D:2      | 1263 ||| INVOKING Spit Poison.
  1436 | D:2      | 1436 ||| INVOKING Spit Poison.
  1472 | D:2      | 1472 ||| INVOKING Spit Poison.
  1578 | D:2      | 1578 ||| READING scroll labelled ZISKUKHL UFOGENK.
  1599 | D:3      | 1599 ||| INVOKING Spit Poison.
  1623 | D:3      | 1623 ||| INVOKING Spit Poison.
  1628 | D:3      | 1628 ||| INVOKING Spit Poison.
  1637 | D:3      | Noticed Natasha
  1639 | D:3      | 1639 ||| INVOKING Spit Poison.
  1642 | D:3      | 1642 ||| INVOKING Spit Poison.
  1646 | D:3      | Killed Natasha
  1647 | D:3      | Reached skill level 3 in Fighting
  1647 | D:3      | Reached XP level 5. HP: 20/49 MP: 5/5
  1647 | D:3      | HP: 12/49 [gnoll/+0 spear (4)]
  1648 | D:3      | 1648 ||| INVOKING Spit Poison.
  1649 | D:3      | HP: 3/49 [gnoll/+0 spear (3)]
  1651 | D:3      | HP: 1/49 [bat (1)]
  1654 | D:3      | 1654 ||| INVOKING Spit Poison.
  1657 | D:3      | Slain by a gnoll

Levels and vault maps discovered:
D:1:      scummos_arrival_checkerplants, layout_loops_ring
D:2:      layout_basic, minmay_misc_feat_room, minmay_domino_2
D:3:      gammafunk_wand_slinger, layout_basic, mainiacjoe_overflow_alcove_2,
          serial_shops, shop, uniq_jessica, uniq_grinder, uniq_natasha

Skill      XL: |  1  2  3  4 |
---------------+-------------+-----
Ranged Weapons | 4 5 |  5.1
Fighting       | 3 |  3.3
Dodging        | |  1.5
Stealth        | |  1.5

Action                     |  1- 3 |  4- 6 || total
---------------------------+-------+-------++-------
   Fire: Shortbow          |    39 |    41 ||    80
Ability: Spit Poison       |    17 |    21 ||    38
    Use: Scroll            |     1 |     4 ||     5
 Armour: Leather armour    |       |     9 ||     9
  Dodge: Dodged            |     5 |    17 ||    22

Table legend:
 A = Non-vault XP
 B = Vault XP
 C = Vault XP percentage of total XP
 D = Non-vault monster count
 E = Vault monster count
 F = Vault count percentage of total count
                 A         B        C        D         E       F
            +---------+---------+-------+---------+---------+-------
      Total |     159 |      37 |  18.9 |      46 |       2 |   4.2
            +---------+---------+-------+---------+---------+-------
        D:1 |      47 |       0 |   0.0 |      26 |       0 |   0.0
        D:2 |      66 |       1 |   1.5 |      14 |       1 |   6.7
        D:3 |      46 |      36 |  43.9 |       6 |       1 |  14.3
            +---------+---------+-------+---------+---------+-------
